Eri, chaotic female human Wizard ------- ---- #.......# |.+| ###|.....|# ##-.!| # |.....|# # |.[| `####### |...---### # ---- |...| # # -|--- ### # # # # # ### ### # # # # # # ### ### -------# # # # |.....|# # # ###|.....-# # * # ` #-.....| ### ---.---------|- # |.....| # |......*......| ### ------- ##....@<..i.....| # |..q...........#### --------------- Eri the Conjurer Experience level: 4 Strength: 9 Dexterity: 12 Constitution: 13 Intelligence: 19 Wisdom: 16 Charisma: 7 Health: 0(34) Energy: 56(56) Def: 3 Gold: 79 Moves: 1043 Dungeon seed: BcR_eMhSUfGHpIHu Game ID: Eri_1626526795 Your Inventory: Coins $ - 79 gold pieces Weapons a - a blessed +1 quarterstaff (weapon in hands) o - an uncursed +0 sling Armor e - an uncursed +0 cloak of magic resistance (being worn) n - a blessed +0 leather jacket (being worn) q - an uncursed +0 orcish helm (being worn) Comestibles g - an uncursed food ration m - 2 uncursed tins of jackal meat Scrolls k - 2 uncursed scrolls of scare monster p - an uncursed scroll of taming u - an uncursed scroll of charging x - an uncursed scroll of remove curse Spellbooks b - a blessed spellbook of force bolt c - an uncursed spellbook of jumping Potions l - an uncursed potion of hallucination Rings f - a cursed ring of aggravate monster Wands d - an uncursed wand of nothing (0:7) j - an uncursed wand of enlightenment (0:12) Tools i - an uncursed pair of lenses v - an uncursed oil lamp (0:1186) Gems r - an uncursed worthless piece of black glass Boulders/Statues y - an uncursed statue of an iguana Spells and supernatural/magical abilities: Name Level Category Fail Memory a - force bolt 1 attack 0% 95% j - jumping 1 escape 0% 95% W - pray for help -- divine ? -- Your skills at the end: Miscellaneous Skills wands [Basic] Weapon Skills quarterstaff [Basic] Spellcasting Skills attack spells [Basic] enchantment spells [Basic] Final Attributes: You were piously aligned. You were magic-protected. You were very stealthy. Anhur was angry with you. You are dead. Vanquished creatures: a gnome lord a kitten a hobbit 3 geckos 2 giant rats a cave spider a yellow mold 6 jackals a kobold a newt a goblin 3 sewer rats 6 bats 3 lichens a kobold zombie 32 creatures vanquished. Voluntary challenges: You followed a strict vegan diet. You did not adorn yourself with jewelry or accessories. You did not cause conflict. You were not invisible. You did not have reflection. You were not displaced. You used a wielded weapon 53 times, starting on turn 39. You did not use tools. You did not use plumbed fixtures. You read items or engraved 1 time, starting on turn 645. You never genocided any monsters. You never polymorphed an object. You never changed form. You used no wishes. You never split a pudding. You never wrote Elbereth's name. You never violated your personal moral code. Dungeon overview: The Dungeons of Doom: levels 1 to 5 Level 1 an altar to Anhur, a fountain a long staircase Level 2 Level 3 an altar to Ptah, some fountains Level 4 Level 5 <- You were here a general store History has recorded: On T:1 you entered the Dungeons of Doom to retrieve the Amulet of Yendor! On T:188 you prayed to Anhur. On T:208 you reached level 2 of The Dungeons of Doom. On T:339 you advanced to experience level 2. On T:407 you reached level 3 of The Dungeons of Doom. On T:503 you advanced to experience level 3. On T:634 you reached level 4 of The Dungeons of Doom. On T:681 you reached level 5 of The Dungeons of Doom. On T:686 you advanced to experience level 4. Score breakdown: Gold: 79 ( 7 points) Experience: 4 levels ( 300 points) Exploration: 5 levels ( 120 points) Discoveries: 12 items ( 600 points) Variety of kills: 15 monsters ( 750 points) Major goal: (nothing yet) ( 0 points) Survival: died (score multiplied by 3) Total score: 5331 Latest messages: You hit the gnome lord. You hit the gnome lord! The gnome lord punches you! You kill the gnome lord! x - a scroll labeled EDEVESH HANAGASH. You see here 8 rocks. You hit the rothe. The rothe claws you! The rothe bites! (2x) You hit the rothe. (2x) The rothe claws you! The rothe bites! (2x) You kill the cave spider! A gush of water hits the rothe! You hit the rothe! The rothe claws you! The rothe bites! (2x) The rothe claws you! The rothe bites! (2x) You die... The statue of an iguana is empty. The statue of an iguana is empty. Final status: Goodbye Eri the Wizard, killed by a rothe... You died in The Dungeons of Doom on dungeon level 5 with 5331 points, and 79 pieces of gold, after 1043 moves. You were level 4 with a maximum of 34 hit points when you died.